 Dungeon Crawl Stone Soup version 0.31-a0-472-g43a2ca8e1b (webtiles) character file.

Game seed: 3293247353095588653

463 Ethylacetat the Changeling (level 7, 0/46 HPs)
             Began as an Octopode Shapeshifter on Aug 6, 2023.
             Killed from afar by an orc wizard (9 damage)
             ... with a puff of flame
             ... on level 5 of the Dungeon.
             The game lasted 00:03:14 (3023 turns).

Ethylacetat the Changeling (Octopode Shapeshifter)  Turns: 3023, Time: 00:03:15

Health: 0/46       AC:  1    Str: 20    XL:     7   Next: 7%
Magic:  7/7        EV: 13    Int: 11    God:
Gold:   204        SH:  0    Dex: 14    Spells: 6/6 levels left

rFire   . .          .
                       - Unarmed
rCold   . . .        (no shield)
rNeg    . . .        (helmet currently unavailable)
rPois   +            (no amulet)
rElec   .            n - +6 ring of strength
rCorr   .            q - ring of poison resistance
SInv    .            (no ring)
Will    .....        (no ring)
Stlth   ++           (no ring)
HPRegen 0.27/turn    (no ring)
MPRegen 0.10/turn    (no ring)
                     (no ring)

%: no passive effects
@: beast-form
A: beast (slay +3), almost no armour, amphibious, 8 rings, camouflage 1,
gelatinous body 1, (nimble swimmer 1), tentacles
a: Begin Untransformation


You were on level 5 of the Dungeon.
You were a hulking beast.
You visited 1 branch of the dungeon, and saw 5 of its levels.

You collected 204 gold pieces.

Inventory:

Missiles
 k - 4 throwing nets
Jewellery
 n - a +6 ring of strength (left tentacle)
 q - a ring of poison resistance (right tentacle)
Talismans
 b - a beast talisman (active)
Scrolls
 g - a scroll of brand weapon {unknown}
 h - 2 scrolls of teleportation {unknown}
 i - a scroll of blinking {unknown}
 m - a scroll of identify {unknown}
 o - 2 scrolls of vulnerability {unknown}
Potions
 a - a potion of lignification
 c - a potion of curing
 d - a potion of berserk rage {unknown}
 e - 2 potions of magic {unknown}
 f - 3 potions of heal wounds {unknown}
 j - 2 potions of mutation {unknown}
 l - 2 potions of might {unknown}
 p - a potion of ambrosia {unknown}


   Skills:
 + Level 3.5 Fighting
 - Level 2.0 Dodging
 + Level 4.6 Unarmed Combat
 * Level 5.2 Shapeshifting


You had 6 spell levels left.
You didn't know any spells.
Your spell library contained the following spells:

 Spells                   Type           Power      Damage    Failure   Level
 Necrotise                Necr           0%         1d4       34%         1
 Vampiric Draining        Necr           0%         2d6       71%         3
 Agony                    Necr           0%         N/A       100%        5


Dungeon Overview and Level Annotations

Branches:
Dungeon (5/15)
 Temple: D:4-7

Altars:
Elyvilon
Nemelex Xobeh
Okawaru
Yredelemnul

Annotations:
D:2 1 runed translucent door, Crazy Yiuf


Innate Abilities, Weirdness & Mutations

You are a hulking beast.
Your limbs bulge with bestial killing power. (Slay +3)
You cannot wear most types of armour.
You are amphibious.
You can wear up to eight rings at the same time.
Your skin changes colour to match your surroundings (Stealth+).
Your rubbery body absorbs attacks. (AC +1, EV +1)
((You are camouflaged when in or above water. (Stealth+)))
You have tentacles for arms and can constrict up to eight enemies at once.


Message History

Found 14 gold pieces.
The orc wizard shouts!
The orc shouts!
The orc misses you.
The orc shouts!
There are monsters nearby!
You closely miss the orc. You grab the orc. You constrict the orc.
The orc hits you with a +0 war axe.
You bludgeon the orc!
You kill the orc!
The orc barely misses you.
The orc wizard hits you but does no damage.
You bludgeon the orc priest! You grab the orc priest.
You squeeze the orc priest.
You kill the orc priest!
The orc wizard gestures wildly while chanting.
The orc wizard flickers and vanishes!
Deactivating autopickup; reactivate with Ctrl-A.
The orc hits you with a +0 flail! The orc attacks as you move away!
The orc barely misses you.
You tentacle-slap something. Something hits you.
You barely miss something. Your squeeze misses something.
Something barely misses you.
You barely miss something. Something hits you.
You tentacle-slap something. You barely miss something. Something hits you.
You barely miss something. Your squeeze misses something. Something hits you.
You tentacle-slap something. Something hits you.
* * * LOW HITPOINT WARNING * * *
You barely miss something. Something hits you but does no damage.
You barely miss something. Your squeeze misses something. Something hits you.
* * * LOW HITPOINT WARNING * * *
You barely miss something. Something hits you.
* * * LOW HITPOINT WARNING * * *
You tentacle-slap something. Something hits you.
* * * LOW HITPOINT WARNING * * *
You closely miss something.
You hear some strange, mumbled words.
A puff of flame appears from out of thin air!
The puff of flame hits you!
You die...

### ##############.#
###..............#
.....###########.# ###..#
#.# #..# #h# #..#
#{######## #..#
#oo)...... ###..######
#...........$
.........................
############.###.........
.............# #..[..$...
.......####..# #.........
.......+ ....# #.........


You could see 2 orcs.

Vanquished Creatures
  A black bear (D:5)
  A jelly (D:5)
  A hound (D:5)
  An orc priest (D:5)
  Jessica (D:2)
  Terence (D:2)
  An iguana (D:5)
  2 orc wizards (D:4)
  4 gnolls (D:3)
  3 adders
  A worm (D:3)
  5 dart slugs
  4 orcs
  4 ball pythons
  3 bats (D:1)
  4 endoplasms
  5 giant cockroaches
  4 goblins
  8 hobgoblins
  6 jackals (D:2)
  A kobold (D:4)
  4 quokkas
  8 frilled lizards
  8 rats
81 creatures vanquished.

Notes
Turn   | Place    | Note
-------+----------+-------------------------------------------
     0 | D:1      | Ethylacetat the Octopode Shapeshifter began the quest for
                  | the Orb.
     0 | D:1      | Reached XP level 1. HP: 13/13 MP: 1/1
     3 | D:1      | Noticed an electric eel
     4 | D:1      | Noticed an electric eel
   176 | D:1      | Reached XP level 2. HP: 10/18 MP: 2/2
   590 | D:1      | Reached XP level 3. HP: 20/23 MP: 3/3
  1035 | D:2      | Noticed Jessica
  1039 | D:2      | Killed Jessica
  1040 | D:2      | Reached XP level 4. HP: 29/29 MP: 4/4
  1056 | D:2      | Found an iron altar of Okawaru.
  1065 | D:2      | Noticed Terence
  1077 | D:2      | Killed Terence
  1193 | D:2      | Reached skill level 4 in Shapeshifting
  1231 | D:2      | Found a runed translucent door.
  1232 | D:2      | Noticed Crazy Yiuf
  1387 | D:2      | Reached XP level 5. HP: 11/35 MP: 5/5
  2311 | D:3      | Found a sparkling altar of Nemelex Xobeh.
  2320 | D:3      | Found a white marble altar of Elyvilon.
  2448 | D:4      | Reached XP level 6. HP: 24/41 MP: 6/6
  2600 | D:4      | Found a basalt altar of Yredelemnul.
  2709 | D:5      | Entered Level 5 of the Dungeon
  2867 | D:5      | Noticed a black bear
  2878 | D:5      | Killed a black bear
  2879 | D:5      | Reached skill level 5 in Shapeshifting
  2879 | D:5      | Reached XP level 7. HP: 31/46 MP: 7/7
  3023 | D:5      | Killed from afar by an orc wizard

Illustrated notes

Levels and vault maps discovered:
D:1:      arrival_aquarium_b, layout_loops_corners, minmay_misc_feat_iff
D:2:      layout_rooms, basic_altar, hangedman_decor_points, minmay_distorted,
          uniq_terence, uniq_crazy_yiuf_cottage, uniq_jessica
D:3:      layout_rooms, mainiacjoe_overflow_swirl, kennysheep_generic_room_13
D:4:      layout_rooms, yredelemnul_altar_generic
D:5:      layout_basic, uniq_eustachio, uniq_edmund

Skill      XL: |  1  2  3  4  5  6 |
---------------+-------------------+-----
Fighting       | 2 3 |  3.5
Shapeshifting  | 4 5 |  5.2
Unarmed Combat | 4 |  4.6
Dodging        | |  2.0

Action                     |  1- 3 |  4- 6 |  7- 9 || total
---------------------------+-------+-------+-------++-------
  Melee: Unarmed           |    44 |   107 |    15 ||   166
         Constrict         |    13 |    29 |     2 ||    44
         Tentacles         |     7 |    23 |     1 ||    31
         Punch             |     1 |     6 |       ||     7
    Use: Potion            |       |     3 |       ||     3
   Stab: Sleeping          |     3 |     7 |       ||    10
         Distracted        |       |     1 |       ||     1
 Armour: Skin              |     2 |    32 |     2 ||    36
  Dodge: Dodged            |    21 |    61 |     4 ||    86

Table legend: (Time is in decaauts)
 A = Elapsed time spent in this place.
 B = Non-inter-level travel time spent in this place.
 C = Inter-level travel time spent in this place.
 D = Time resting spent in this place.
 E = Time spent auto-exploring this place.
 F = Levels seen in this place.
 G = Mean time per level.
                   A        B        C        D        E       F      G
               +--------+--------+--------+--------+--------+-----+--------+
         Total |   3010 |   2869 |    141 |     66 |   2342 |   5 |  602.0 |
       Dungeon |   3010 |   2869 |    141 |     66 |   2342 |   5 |  602.0 |
               +--------+--------+--------+--------+--------+-----+--------+

Top non-repeatable levels by time:
     D:1: 973 daAuts
     D:3: 735 daAuts
     D:2: 679 daAuts
     D:4: 311 daAuts
     D:5: 311 daAuts
